[Event "Titled Tuesday Blitz June 14 Early 2022"]
[White "Sargsyan, Anna M."]
[Black "Maltsevskaya, Aleksandra"]
[WhiteFideId "13308130"]
[BlackFideId "24174041"]
[WhiteElo "2271"]
[BlackElo "2243"]
[Result "1-0"]
[Round "08"]
[TimeControl "180+1"]
[Date "2022.06.14"]
[WhiteClock "0:00:04"]
[BlackClock "0:00:01"]

1. d4 Nf6 2. c4 g6 3. g3 Bg7 4. Bg2 O-O 5. Nc3 d6 6. Nf3 Nbd7 7. O-O e5 8. h3 exd4 9. Nxd4 Nc5 10. e4 Re8 11. Re1 Bd7 12. Kh2 h5 13. Qc2 h4 14. Be3 hxg3+ 15. fxg3 Nh5 16. Nf3 Bc6 17. g4 Nf6 18. Bxc5 dxc5 19. Rad1 Qe7 20. Nd5 Bxd5 21. exd5 Qd6+ 22. Kg1 Rxe1+ 23. Rxe1 Re8 24. Rxe8+ Nxe8 25. b3 Qf4 26. Qe2 Nd6 27. Nd2 Bc3 28. Ne4 Bd4+ 29. Kh1 Qc1+ 30. Kh2 Qg1+ 31. Kg3 Be5+ 32. Kf3 Qh2 33. Qe3 Nxe4 34. Qxe4 f5 35. gxf5 gxf5 36. Qxf5 Qg3+ 37. Ke4 Bg7 38. Bf3 Qe1+ 39. Kf4 Qc1+ 40. Kg4 Qg1+ 41. Kh5 Qd4 42. Bg4 Qd2 43. Qc8+ Kf7 44. Qd7+ Kf8 45. Qd8+ Kf7 46. Be6# 1-0


[Site "https://www.chess.com"]

[Event "Titled Tuesday Blitz June 14 Early 2022"]
[White "Shimanov, Aleksandr"]
[Black "Sadhwani, Raunak"]
[WhiteFideId "4198603"]
[BlackFideId "35093487"]
[WhiteElo "2605"]
[BlackElo "2616"]
[Result "0-1"]
[Round "08"]
[TimeControl "180+1"]
[Date "2022.06.14"]
[WhiteClock "0:00:04"]
[BlackClock "0:00:23"]

1. e4 e5 2. Nf3 Nc6 3. Nc3 Nf6 4. h3 d6 5. Bc4 Be7 6. O-O O-O 7. d4 exd4 8. Nxd4 Re8 9. Re1 Nxd4 10. Qxd4 Nd7 11. Bf4 Bf6 12. Qd2 Ne5 13. Bb3 Be6 14. Bxe6 Rxe6 15. b3 Ng6 16. Bg3 Bxc3 17. Qxc3 Qe7 18. f3 Re8 19. Rad1 Qg5 20. Kh2 Qd8 21. a4 h5 22. Kh1 h4 23. Bf2 b6 24. Qd2 Qf6 25. Bd4 Qf4 26. Qxf4 Nxf4 27. Be3 g5 28. Bxf4 gxf4 29. Rd5 Re5 30. Red1 Kg7 31. Kg1 Kg6 32. Kf2 f5 33. Rxe5 Rxe5 34. Rd4 Rc5 35. c4 Re5 36. Ke2 Kf6 37. Kd3 a5 38. Ke2 fxe4 39. fxe4 Rg5 40. Kf3 Rg3+ 41. Kxf4 Rxb3 42. Rd5 Rb4 43. Rh5 Rxa4 44. Rxh4 Rxc4 45. Rh5 a4 46. g4 a3 47. Rh8 Ra4 48. g5+ Kg7 49. Rc8 a2 50. Rxc7+ Kg6 51. h4 a1=Q 52. h5+ Kxh5 53. Rh7+ Kg6 54. Rh6+ Kg7 55. Rxd6 Qf1+ 0-1


[Site "https://www.chess.com"]

[Event "Titled Tuesday Blitz June 14 Early 2022"]
[White "Shipov, Sergei"]
[Black "Sarana, Alexey"]
[WhiteFideId "4113624"]
[BlackFideId "24133795"]
[WhiteElo "2800"]
[BlackElo "2666"]
[Result "0-1"]
[Round "08"]
[TimeControl "180+1"]
[Date "2022.06.14"]
[WhiteClock "0:00:04"]
[BlackClock "0:00:34"]

1. d4 b6 2. c4 Bb7 3. f3 f5 4. Nc3 Nf6 5. Nh3 g6 6. e3 Bg7 7. Be2 O-O 8. O-O e6 9. Qc2 d6 10. b3 Nbd7 11. Bb2 e5 12. d5 a5 13. a3 Bh6 14. f4 Qe7 15. Rae1 Nc5 16. Bd1 Rae8 17. Qd2 Ba6 18. Nf2 a4 19. b4 Nb3 20. Bxb3 axb3 21. b5 Bb7 22. Nd3 Ne4 23. Nxe4 fxe4 24. Nb4 exf4 25. exf4 e3 26. Qd4 Bg7 27. Qxg7+ Qxg7 28. Bxg7 Kxg7 29. Rf3 Bc8 30. Nd3 Re4 31. Nb2 Rfe8 32. h3 Bf5 33. g4 Bd7 34. Kg2 h5 35. Kg3 hxg4 36. hxg4 g5 37. f5 Kf6 38. Re2 R8e7 39. Re1 e2 40. Rxb3 Rh7 41. Nd3 Re3+ 42. Kf2 Rhh3 43. Rxe2 Rxd3 44. Rxd3 Rxd3 45. a4 Rd4 46. Kf3 Rf4+ 47. Kg3 Rxc4 48. Rh2 Rxa4 49. Rh6+ Ke5 50. Rh7 Bxb5 51. Rxc7 Ra3+ 52. Kf2 Ra2+ 53. Kg3 Ra3+ 54. Kf2 Ra4 55. Kg3 Kxd5 56. Rg7 Ra3+ 57. Kf2 Ke5 58. Rxg5 Kf4 59. Rg6 Ra2+ 60. Ke1 Bd3 61. Re6 d5 62. f6 Ra7 63. Kd2 Be4 64. Rxb6 Kxg4 65. Ke3 Kf5 66. Kd4 Rf7 67. Rd6 Rxf6 68. Rxd5+ Bxd5 69. Kxd5 Kf4 0-1


[Site "https://www.chess.com"]

[Event "Titled Tuesday Blitz June 14 Early 2022"]
[White "Sirosh, Ilja"]
[Black "Harvey, Marcus R"]
[WhiteFideId "4500458"]
[BlackFideId "400092"]
[WhiteElo "2241"]
[BlackElo "2485"]
[Result "0-1"]
[Round "08"]
[TimeControl "180+1"]
[Date "2022.06.14"]
[WhiteClock "0:00:06"]
[BlackClock "0:00:08"]

1. e4 c6 2. d4 d5 3. e5 Bf5 4. Bd3 Bxd3 5. Qxd3 e6 6. Ne2 c5 7. c3 Nc6 8. Nd2 Rc8 9. a3 Nge7 10. Nf3 Nf5 11. O-O Be7 12. g4 Nh4 13. Nxh4 Bxh4 14. f4 Be7 15. f5 Qd7 16. Nf4 cxd4 17. cxd4 Nxd4 18. Nh5 Rc4 19. Nxg7+ Kd8 20. f6 Bc5 21. Kh1 Nc6 22. Qe2 Re4 23. Qc2 Bb6 24. Bf4 Rc4 25. Qd2 Bc7 26. Rfe1 Kc8 27. Rac1 Rxc1 28. Rxc1 Kb8 29. Qe1 Rc8 30. b4 a6 31. Rd1 Bb6 32. Qe4 Rh8 33. Qd3 Bd4 34. Re1 Qc7 35. Qg3 Na7 36. h4 Qc2 37. h5 Nb5 38. Rc1 Qe4+ 39. Kh2 Nxa3 40. Kh3 Nc4 41. Bh6 Rc8 42. Nxe6 fxe6 43. f7 Bxe5 44. Qg2 Qd3+ 45. Kh4 Bd6 46. Rf1 Be7+ 47. g5 Ne3 48. Qg3+ Ka7 49. f8=Q Bxf8 50. Bxf8 Rc4+ 51. Rf4 Rxf4+ 52. Qxf4 Ng2+ 0-1


[Site "https://www.chess.com"]

[Event "Titled Tuesday Blitz June 14 Early 2022"]
[White "Steinberg, Nitzan"]
[Black "Volkov, Maksim"]
[WhiteFideId "2801795"]
[BlackFideId "54123070"]
[WhiteElo "2471"]
[BlackElo "2155"]
[Result "1-0"]
[Round "08"]
[TimeControl "180+1"]
[Date "2022.06.14"]
[WhiteClock "0:00:10"]
[BlackClock "0:00:01"]

1. e4 c5 2. Nf3 d6 3. d4 cxd4 4. Nxd4 Nf6 5. Nc3 a6 6. h4 e5 7. Nb3 Be7 8. Be2 Be6 9. f4 Qc7 10. f5 Bc4 11. g4 h6 12. Bf3 Nc6 13. Be3 h5 14. g5 Ng4 15. Bxg4 hxg4 16. Qxg4 Nb4 17. O-O-O Nxa2+ 18. Nxa2 Bxb3 19. Nc3 Bc4 20. Kb1 f6 21. g6 Rc8 22. Rh2 Bf8 23. h5 b5 24. Nd5 Bxd5 25. Rxd5 Qb7 26. Rg2 Rc4 27. h6 Kd7 28. h7 Be7 29. Qf3 Qc6 30. Rgd2 Rc8 31. Qg2 b4 32. b3 Rc3 33. Bh6 Rxb3+ 34. Kc1 Qa4 35. Kd1 Rb1+ 36. Ke2 Rxc2 37. h8=Q Rxd2+ 38. Bxd2 Qd1+ 39. Kf2 1-0


[Site "https://www.chess.com"]

[Event "Titled Tuesday Blitz June 14 Early 2022"]
[White "Tatarinov, Dmitry"]
[Black "Morefield, Jason"]
[WhiteFideId "24160067"]
[BlackFideId "30920825"]
[WhiteElo "2302"]
[BlackElo "2171"]
[Result "0-1"]
[Round "08"]
[TimeControl "180+1"]
[Date "2022.06.14"]
[WhiteClock "0:00:00"]
[BlackClock "0:00:06"]

1. d4 Nf6 2. c4 e6 3. g3 Bb4+ 4. Bd2 Be7 5. Bg2 O-O 6. e4 d5 7. cxd5 exd5 8. e5 Ne4 9. Nc3 Nc6 10. Nge2 Bf5 11. O-O f6 12. exf6 Bxf6 13. Be3 Nxc3 14. bxc3 Na5 15. Nf4 c6 16. Qh5 g6 17. Qd1 Nc4 18. Re1 Nxe3 19. Rxe3 Bg5 20. Ne6 Qf6 21. Nxg5 Qxg5 22. a4 Rae8 23. f4 Qd8 24. Re5 Rxe5 25. dxe5 Be6 26. a5 c5 27. h4 b6 28. axb6 axb6 29. Kh2 Rf7 30. Ra6 Kg7 31. h5 g5 32. fxg5 Qxg5 33. Rxb6 Qxe5 34. h6+ Kg8 35. Qd2 Qh5+ 36. Kg1 Qe5 37. Rxe6 Qxe6 38. Bxd5 Qf6 39. Bxf7+ Kxf7 0-1


[Site "https://www.chess.com"]

[Event "Titled Tuesday Blitz June 14 Early 2022"]
[White "Tica, Sven"]
[Black "Srihari L R"]
[WhiteFideId "14526948"]
[BlackFideId "46617116"]
[WhiteElo "2346"]
[BlackElo "2170"]
[Result "1-0"]
[Round "08"]
[TimeControl "180+1"]
[Date "2022.06.14"]
[WhiteClock "0:00:05"]
[BlackClock "0:00:01"]

1. d4 d5 2. Nc3 Nf6 3. Bf4 c5 4. e4 cxd4 5. Qxd4 Nc6 6. Bb5 Bd7 7. Bxc6 Bxc6 8. e5 Nd7 9. e6 fxe6 10. Nf3 Qb6 11. O-O-O Qxd4 12. Rxd4 g6 13. Re1 Bg7 14. Rdd1 O-O 15. Bg3 Nc5 16. Nd4 Bd7 17. f3 Rac8 18. Be5 Bf6 19. Re2 Kf7 20. Rde1 Rfe8 21. g4 Na6 22. f4 h6 23. Kd2 Rc4 24. Nf3 Rec8 25. g5 hxg5 26. fxg5 Bg7 27. Bxg7 Kxg7 28. Ne5 Rd4+ 29. Ke3 Rh4 30. Nxd7 d4+ 31. Kf3 dxc3 32. Rxe6 cxb2 33. Rxe7+ Kh8 34. Nf6 Rxh2 35. Rxb7 Rc3+ 36. Kg4 Rg2+ 37. Kf4 Rf2+ 38. Ke4 Nc5+ 39. Kd4 Nxb7 40. Kxc3 Nc5 41. Rh1+ Kg7 42. Kxb2 Ne6 43. Rh7+ Kf8 44. Rxa7 Nxg5 45. Nd7+ Ke8 46. Ne5 Ne6 47. Nxg6 Nd4 48. Rc7 Kd8 49. Rc4 Nb5 50. Ne5 Nd6 51. Rd4 Kc7 52. Nd3 Rh2 53. a4 Nf5 54. Rc4+ Kb6 55. Kb3 Ne3 56. Rc8 Kb7 57. Rc5 Rh1 58. a5 Rb1+ 59. Kc3 Nd1+ 60. Kd4 Ra1 61. c4 Ka6 62. Nb4+ Kb7 63. a6+ Ka7 64. Rc7+ Kb8 65. Rb7+ Kc8 66. Nd5 Nf2 67. Nb4 Ng4 68. Kc5 Nf6 69. Kb5 Ne4 70. Kc6 Rxa6+ 71. Nxa6 Ng5 72. Rb8# 1-0


[Site "https://www.chess.com"]

[Event "Titled Tuesday Blitz June 14 Early 2022"]
[White "Xu, Yi"]
[Black "Bortnyk, Mykola"]
[WhiteFideId "8605564"]
[BlackFideId "14120836"]
[WhiteElo "2471"]
[BlackElo "2582"]
[Result "1/2-1/2"]
[Round "08"]
[TimeControl "180+1"]
[Date "2022.06.14"]
[WhiteClock "0:00:23"]
[BlackClock "0:00:24"]

1. e4 Nf6 2. e5 Nd5 3. d4 d6 4. c4 Nb6 5. f4 dxe5 6. fxe5 Nc6 7. Be3 Bf5 8. Nc3 e6 9. Nf3 Qd7 10. Bd3 Bg4 11. O-O O-O-O 12. h3 Bxf3 13. Qxf3 Nxd4 14. Qxf7 Qxf7 15. Rxf7 Nc6 16. Be2 Nxe5 17. Rf4 Be7 18. Re4 Bf6 19. Rf1 Rhe8 20. b3 Nexc4 21. Bxc4 Bxc3 22. Bxe6+ Kb8 23. Bf5 g6 24. Bxb6 axb6 25. Rxe8 Rxe8 26. Bd3 Re3 27. Rf3 Re1+ 28. Rf1 Bd4+ 29. Kh2 Re7 30. Bc4 c6 31. a4 Re3 32. Rf3 Be5+ 33. Kg1 Re4 34. Rf8+ Ka7 35. Kf2 Bd4+ 36. Kf1 Be5 37. Kf2 g5 38. Bd3 Bd4+ 39. Kf1 Re7 40. Bc4 h5 41. Rf5 Be3 42. g3 Bd2 43. Kf2 Re4 44. Kf3 Re3+ 45. Kf2 Rc3 46. Ke2 Rc2 47. Kd3 Rb2 48. Rf2 b5 49. axb5 cxb5 50. Bf7 Bc1 51. Rxb2 Bxb2 52. Bxh5 Be5 53. h4 gxh4 54. gxh4 Bf6 55. Be8 Bxh4 56. Bxb5 Kb6 57. Be8 Kc5 58. b4+ Kxb4 59. Kc2 b5 60. Bxb5 1/2-1/2


[Site "https://www.chess.com"]

[Event "Titled Tuesday Blitz June 14 Early 2022"]
[White "Yilmaz, Mustafa"]
[Black "Terry, Renato"]
[WhiteFideId "6302718"]
[BlackFideId "3803457"]
[WhiteElo "2568"]
[BlackElo "2577"]
[Result "0-1"]
[Round "08"]
[TimeControl "180+1"]
[Date "2022.06.14"]
[WhiteClock "0:00:01"]
[BlackClock "0:00:03"]

1. c4 g6 2. Nc3 Bg7 3. d4 d6 4. Nf3 Nc6 5. e3 e5 6. d5 Nb8 7. e4 a5 8. h4 Nf6 9. Be2 O-O 10. Bg5 h6 11. Bd2 Na6 12. Qc1 h5 13. Bg5 Nc5 14. Qe3 b6 15. Nd2 Qd7 16. Bxf6 Bxf6 17. g4 hxg4 18. h5 Qe7 19. hxg6 fxg6 20. Qg3 Bg5 21. O-O-O Bf4 22. Qg2 Qg5 23. Kc2 Bd7 24. Nb3 Nxb3 25. axb3 Kg7 26. Rdg1 Rh8 27. Nd1 Rxh1 28. Rxh1 Rh8 29. Rxh8 Kxh8 30. Nc3 Kg7 31. Qg1 g3 32. fxg3 Bxg3 33. Nb5 Bxb5 34. cxb5 Qf4 35. Qg2 Kf6 36. Bd3 Kg5 37. Qh3 Qf2+ 38. Kb1 Bf4 39. Qd7 Qe1+ 40. Ka2 Qd2 41. Qd8+ Kg4 42. Bc4 Be3 43. Qc8+ Kg5 44. Qd8+ Kg4 45. Qd7+ Kg3 46. Qg7 g5 47. Qxc7 Bd4 0-1


[Site "https://www.chess.com"]

[Event "Titled Tuesday Blitz June 14 Early 2022"]
[White "Aditya Mittal"]
[Black "Karacsonyi, Gellert"]
[WhiteFideId "35042025"]
[BlackFideId "764620"]
[WhiteElo "2303"]
[BlackElo "2187"]
[Result "1-0"]
[Round "09"]
[TimeControl "180+1"]
[Date "2022.06.14"]
[WhiteClock "0:00:13"]
[BlackClock "0:00:07"]

1. d4 Nf6 2. c4 e6 3. Nc3 Bb4 4. f3 O-O 5. a3 Bxc3+ 6. bxc3 c5 7. e4 Ne8 8. Bd3 Nc6 9. Ne2 d6 10. O-O b6 11. f4 f5 12. d5 Na5 13. exf5 exf5 14. Ng3 Qf6 15. Bd2 g6 16. Re1 Nc7 17. Qa4 Qf7 18. Re3 Ba6 19. Rae1 Rae8 20. Bf1 Rxe3 21. Rxe3 Re8 22. Rf3 Re7 23. h4 h5 24. Bd3 Qe8 25. Qc2 Nxc4 26. Bxf5 Nxd2 27. Qxd2 gxf5 28. c4 Re1+ 29. Kh2 Bxc4 30. Nxf5 Qe2 31. Qc3 Ne8 32. Re3 Rh1+ 33. Kxh1 Qf1+ 34. Kh2 Qxf4+ 35. Rg3+ Kh7 36. Qc2 1-0


[Site "https://www.chess.com"]

[Event "Titled Tuesday Blitz June 14 Early 2022"]
[White "Andreikin, Dmitry"]
[Black "Paravyan, David"]
[WhiteFideId "4158814"]
[BlackFideId "4194985"]
[WhiteElo "2736"]
[BlackElo "2569"]
[Result "1/2-1/2"]
[Round "09"]
[TimeControl "180+1"]
[Date "2022.06.14"]
[WhiteClock "0:00:08"]
[BlackClock "0:00:02"]

1. d4 Nf6 2. Bg5 g6 3. Nd2 Bg7 4. e3 h6 5. Bh4 d6 6. c3 Nc6 7. Bb5 Bd7 8. Ne2 O-O 9. O-O a6 10. Ba4 Qe8 11. Bc2 e5 12. b4 Nd5 13. Bb3 Nb6 14. a4 a5 15. b5 Ne7 16. Ne4 g5 17. Bg3 Nf5 18. c4 exd4 19. Qd3 dxe3 20. fxe3 Qe7 21. Nd4 Rae8 22. Bc2 Qxe4 23. Qxe4 Rxe4 24. Bxe4 Nxe3 25. Nb3 Nxf1 26. Rxf1 Nxa4 27. Bxb7 Bc3 28. Bf2 Be6 29. Rc1 Bxc4 30. Nxa5 Bxb5 31. Nc6 Re8 32. h4 gxh4 33. Nd4 Bd7 34. Nf3 h3 35. gxh3 Ba5 36. Kh1 Nc5 37. Bd5 Kf8 38. Bd4 Bb6 39. Bc3 Ne4 40. Be1 Nf2+ 41. Bxf2 Bxf2 42. Rxc7 Re7 43. Rc2 Bc5 44. Kg2 Bf5 45. Rd2 Re3 46. Bc4 Be4 47. Bd5 Bf5 48. Bc6 Ke7 49. Bd5 Kf6 50. Bc6 h5 51. Rf2 Ke7 52. Ng5 Bg6 53. Rf1 Re5 54. Nf3 Re2+ 55. Kg3 Re3 56. Kf4 Rc3 57. Re1+ Kf6 58. Bd5 Ra3 59. Rf1 Ra4+ 60. Kg3 Kg7 61. Nh4 Ra3+ 62. Kg2 Rd3 63. Bc4 Rd2+ 64. Kg3 Bd4 65. Nxg6 fxg6 66. Rf7+ Kh6 67. Rd7 Be5+ 68. Kf3 Rd4 69. Be6 Kg5 70. Rd8 Rf4+ 71. Ke3 Rf6 72. Bc8 Kh4 73. Rg8 g5 74. Rh8 Rf1 75. Rh7 Rf4 76. Bd7 Bd4+ 77. Kd3 Bc5 78. Be6 Rf3+ 79. Kc4 Re3 80. Bf5 Re5 81. Bd7 Re4+ 82. Kd5 Rf4 83. Be6 Rf6 84. Bg4 Kg3 85. Rxh5 Kf4 86. Rh7 Rf8 87. Re7 Rb8 88. Rf7+ Kg3 89. Rg7 Kf4 90. Rf7+ Kg3 91. Rg7 Kf4 92. Rf7+ 1/2-1/2


[Site "https://www.chess.com"]

[Event "Titled Tuesday Blitz June 14 Early 2022"]
[White "Avinash, Ramesh"]
[Black "Kosakowski, Jakub"]
[WhiteFideId "45018340"]
[BlackFideId "1185080"]
[WhiteElo "1875"]
[BlackElo "2476"]
[Result "0-1"]
[Round "09"]
[TimeControl "180+1"]
[Date "2022.06.14"]
[WhiteClock "0:00:21"]
[BlackClock "0:00:19"]

1. e4 e5 2. Nc3 Nf6 3. d4 exd4 4. Qxd4 Nc6 5. Qd3 Bb4 6. Bd2 O-O 7. O-O-O Re8 8. f4 Bxc3 9. Bxc3 Nxe4 10. Nh3 d5 11. Qxd5 Qxd5 12. Rxd5 Nxc3 13. bxc3 Bxh3 14. gxh3 Re1+ 15. Rd1 Rxd1+ 16. Kxd1 Ne7 17. Bg2 c6 18. Re1 Kf8 19. Be4 Rd8+ 20. Kc1 Nd5 21. Bxd5 Rxd5 22. Re4 Rh5 23. Re3 Rh4 24. Rf3 Ke7 25. Kd2 Rh6 26. Ke3 Re6+ 27. Kd3 Rd6+ 28. Ke2 Kf6 29. Rg3 g6 30. Rg5 Rd5 31. Rxd5 cxd5 32. Ke3 Kf5 33. Kf3 g5 34. fxg5 Kxg5 35. Kg3 Kf5 36. Kf3 Ke5 37. Ke3 f5 38. h4 f4+ 39. Kd3 b5 40. h3 h5 41. a3 a6 42. Kd2 Ke4 43. Ke2 f3+ 44. Kf2 Kf4 45. c4 dxc4 46. c3 Ke4 47. a4 bxa4 48. Kg3 Ke3 49. Kh2 Kf2 50. Kh1 a3 51. Kh2 a2 52. Kh1 a1=Q+ 0-1


[Site "https://www.chess.com"]

[Event "Titled Tuesday Blitz June 14 Early 2022"]
[White "Bharath Subramaniyam H"]
[Black "Taspinar, Yanki"]
[WhiteFideId "46634827"]
[BlackFideId "34561188"]
[WhiteElo "2242"]
[BlackElo "1518"]
[Result "1-0"]
[Round "09"]
[TimeControl "180+1"]
[Date "2022.06.14"]
[WhiteClock "0:00:22"]
[BlackClock "0:00:17"]

1. d4 d5 2. Nf3 e6 3. Bf4 Nf6 4. c3 c5 5. e3 Bd6 6. Nbd2 O-O 7. Bg3 Nc6 8. Bd3 b6 9. e4 Be7 10. e5 Nh5 11. Ng5 Bxg5 12. Qxh5 g6 13. Qe2 cxd4 14. h4 Bxd2+ 15. Qxd2 dxc3 16. bxc3 f6 17. h5 g5 18. exf6 Qxf6 19. O-O Ne5 20. Rfe1 Nf7 21. Bb1 Bd7 22. c4 d4 23. Qd3 Qg7 24. h6 Qxh6 25. Qxd4 Bc6 26. Qg4 Rae8 27. Bc2 Qg7 28. Rad1 Nh6 29. Qh5 Nf5 30. Be5 Qg6 31. Qh2 Qh6 32. Qxh6 Nxh6 33. Rd6 Ba8 34. Ba4 Nf7 35. Bxe8 Nxd6 36. Bd7 Nf7 37. Bf6 Re8 38. Bxe8 h6 39. Rxe6 h5 40. Re7 Nh6 41. Bg6 Kf8 42. Rh7 Ng8 43. Bxg5 Bc6 44. Rxa7 Be8 45. Ra8 Kg7 46. Bxe8 h4 47. Bxh4 Nh6 48. Bg5 Nf5 49. Bd7 Ne7 50. Bxe7 Kf7 51. Bd8 b5 52. Bb6 bxc4 53. Bb5 c3 54. Be3 Kf6 55. Bc1 c2 56. Bd3 Ke6 57. Bxc2 Kd5 58. Rd8+ Kc4 59. g4 Kb4 60. g5 Kc3 61. g6 Kb4 62. g7 Kc3 63. g8=Q Kxc2 64. Qc4+ Kb1 65. Qb3+ Ka1 66. Qb2# 1-0


[Site "https://www.chess.com"]

[Event "Titled Tuesday Blitz June 14 Early 2022"]
[White "Bluebaum, Matthias"]
[Black "Csonka, Balazs"]
[WhiteFideId "24651516"]
[BlackFideId "742910"]
[WhiteElo "2556"]
[BlackElo "2404"]
[Result "1-0"]
[Round "09"]
[TimeControl "180+1"]
[Date "2022.06.14"]
[WhiteClock "0:01:32"]
[BlackClock "0:00:02"]

1. d4 e6 2. c4 d5 3. Nc3 Nf6 4. cxd5 exd5 5. Bg5 Bb4 6. e3 Nbd7 7. Bd3 h6 8. Bh4 c5 9. Ne2 c4 10. Bc2 O-O 11. O-O Be7 12. b3 b6 13. bxc4 dxc4 14. e4 Bb7 15. Bg3 Bb4 16. a3 Bxc3 17. Nxc3 Re8 18. Re1 a6 19. a4 b5 20. axb5 axb5 21. Rxa8 Qxa8 22. d5 b4 23. Nb5 b3 24. Bb1 Qa5 25. Nd6 c3 26. Qxb3 c2 27. Rc1 Bxd5 28. Qxc2 Bxe4 29. Qd1 Bxb1 30. Nxe8 Nxe8 31. Qxd7 Nf6 32. Qc8+ Kh7 33. Rxb1 1-0


[Site "https://www.chess.com"]

[Event "Titled Tuesday Blitz June 14 Early 2022"]
[White "Chen, Qi b"]
[Black "Zhigalko, Sergei"]
[WhiteFideId "8614733"]
[BlackFideId "13502956"]
[WhiteElo "2432"]
[BlackElo "2662"]
[Result "1-0"]
[Round "09"]
[TimeControl "180+1"]
[Date "2022.06.14"]
[WhiteClock "0:00:47"]
[BlackClock "0:00:12"]

1. d4 Nf6 2. c4 e6 3. Nc3 Bb4 4. e3 O-O 5. Bd3 d5 6. a3 Bxc3+ 7. bxc3 c5 8. cxd5 exd5 9. Ne2 Bg4 10. f3 Bh5 11. O-O Bg6 12. Ng3 Re8 13. Ra2 Nc6 14. Re2 Rc8 15. a4 Qa5 16. Bb2 Bxd3 17. Qxd3 Qxa4 18. e4 Qc4 19. Qd2 dxe4 20. fxe4 Rcd8 21. Rxf6 gxf6 22. Qh6 Rd5 23. e5 1-0


[Site "https://www.chess.com"]

[Event "Titled Tuesday Blitz June 14 Early 2022"]
[White "D`Arruda, Ricardo D."]
[Black "Cherniaiev, Tykhon"]
[WhiteFideId "100692"]
[BlackFideId "14182360"]
[WhiteElo "2499"]
[BlackElo "2289"]
[Result "0-1"]
[Round "09"]
[TimeControl "180+1"]
[Date "2022.06.14"]
[WhiteClock "0:00:18"]
[BlackClock "0:00:36"]

1. d4 Nf6 2. Nf3 e6 3. c4 d5 4. Nc3 Be7 5. e3 O-O 6. Bd3 dxc4 7. Bxc4 c5 8. O-O Nc6 9. dxc5 Bxc5 10. Qe2 a6 11. a3 b5 12. Ba2 Bb7 13. Rd1 Qc7 14. b4 Bd6 15. Bb2 Ne5 16. Rac1 Nc4 17. Bxc4 bxc4 18. e4 Bf4 19. Rc2 Rad8 20. Rxd8 Rxd8 21. g3 Bh6 22. Bc1 Bxc1 23. Rxc1 Rd3 24. Ne1 Rd8 25. Rc2 h6 26. f3 a5 27. Qe3 axb4 28. axb4 Ba8 29. Kg2 Qb7 30. b5 Qe7 31. Rd2 Rb8 32. Nc2 e5 33. Rd1 h5 34. Qd2 h4 35. Qd6 Qe8 36. Qc7 Rc8 37. Qd6 Nh5 38. Nb4 f6 39. Nbd5 Bxd5 40. Qxd5+ Kh7 41. Qd7 Qf8 42. Qf5+ Kh6 43. Qg4 Rd8 44. Qxh4 Rxd1 45. Nxd1 g5 46. Qh3 Qd6 47. Nf2 c3 48. g4 c2 49. gxh5 c1=Q 50. Ng4+ Kh7 51. Nf2 Qf4 52. Qc8 g4 53. Nxg4 Qdd2+ 54. Nf2 Qg5+ 55. Kh3 Qxh5+ 56. Kg2 Qg6+ 57. Kh3 Qgh6+ 58. Kg2 Qg7+ 59. Kf1 Qdd7 0-1


[Site "https://www.chess.com"]

[Event "Titled Tuesday Blitz June 14 Early 2022"]
[White "Deac, Bogdan-Daniel"]
[Black "Volkov, Maksim"]
[WhiteFideId "1226380"]
[BlackFideId "54123070"]
[WhiteElo "2648"]
[BlackElo "2155"]
[Result "1-0"]
[Round "09"]
[TimeControl "180+1"]
[Date "2022.06.14"]
[WhiteClock "0:00:57"]
[BlackClock "0:00:38"]

1. Nf3 d5 2. g3 Bg4 3. Bg2 e6 4. c4 c6 5. Qb3 Qb6 6. Qc2 Nd7 7. d3 Ngf6 8. O-O Bd6 9. a3 a5 10. Be3 Qc7 11. h3 Bh5 12. Nbd2 O-O 13. g4 Bg6 14. Nh4 Rac8 15. Nxg6 hxg6 16. Nf3 e5 17. cxd5 cxd5 18. Qxc7 Rxc7 19. Rfc1 Rfc8 20. Rxc7 Rxc7 21. Rc1 Rxc1+ 22. Bxc1 a4 23. Nd2 Nc5 24. g5 Nh7 25. Bxd5 Nxg5 26. Nc4 Be7 27. Nxe5 Nxh3+ 28. Kg2 Ng5 29. Nxg6 Bf6 30. Bxg5 Bxg5 31. d4 Nb3 32. e3 b6 33. Ne5 1-0


[Site "https://www.chess.com"]

[Event "Titled Tuesday Blitz June 14 Early 2022"]
[White "Dev, Shah"]
[Black "Lagno, Kateryna"]
[WhiteFideId "35019058"]
[BlackFideId "14109336"]
[WhiteElo "2048"]
[BlackElo "2522"]
[Result "0-1"]
[Round "09"]
[TimeControl "180+1"]
[Date "2022.06.14"]
[WhiteClock "0:00:03"]
[BlackClock "0:01:14"]

1. d4 Nf6 2. c4 g6 3. Nc3 d5 4. cxd5 Nxd5 5. e4 Nxc3 6. bxc3 Bg7 7. Bc4 c5 8. Ne2 Nc6 9. Be3 O-O 10. O-O Bg4 11. f3 Bd7 12. Rb1 Qc7 13. dxc5 Rfd8 14. Nd4 Na5 15. Bd3 b6 16. cxb6 axb6 17. Qe2 Qxc3 18. Rfc1 Qa3 19. Nc2 Qxa2 20. Bxb6 Rdb8 21. Ra1 Bxa1 22. Rxa1 Qe6 23. Bd4 Nb3 24. Rxa8 Rxa8 25. Bb2 Qb6+ 26. Ne3 Ra2 27. Kh1 Rxb2 28. Qxb2 Qxe3 29. Qc3 Nc5 0-1


[Site "https://www.chess.com"]

[Event "Titled Tuesday Blitz June 14 Early 2022"]
[White "Dubov, Daniil"]
[Black "Durarbayli, Vasif"]
[WhiteFideId "24126055"]
[BlackFideId "13402935"]
[WhiteElo "2791"]
[BlackElo "2528"]
[Result "1-0"]
[Round "09"]
[TimeControl "180+1"]
[Date "2022.06.14"]
[WhiteClock "0:01:09"]
[BlackClock "0:00:31"]

1. d4 Nf6 2. c4 e6 3. Nf3 b6 4. g3 Bb7 5. Bg2 Be7 6. O-O O-O 7. d5 exd5 8. Nd4 c6 9. cxd5 Nxd5 10. e4 Nc7 11. Nc3 Bf6 12. Bf4 Ne6 13. e5 Be7 14. Nf5 f6 15. Nxe7+ Qxe7 16. exf6 Qxf6 17. Bd6 Re8 18. Ne4 Qxb2 19. Qh5 Na6 20. Be5 Qa3 21. Nd6 g6 22. Qh4 Nf8 23. Nxe8 Rxe8 24. Qf6 Re6 25. Qg7# 1-0


[Site "https://www.chess.com"]

[Event "Titled Tuesday Blitz June 14 Early 2022"]
[White "Galperin, Platon"]
[Black "Lamaze, Simon"]
[WhiteFideId "14165414"]
[BlackFideId "36069264"]
[WhiteElo "2432"]
[BlackElo "2090"]
[Result "1-0"]
[Round "09"]
[TimeControl "180+1"]
[Date "2022.06.14"]
[WhiteClock "0:00:10"]
[BlackClock "0:00:31"]

1. Nf3 Nf6 2. g3 e6 3. Bg2 d5 4. O-O Be7 5. c4 O-O 6. d4 dxc4 7. Qc2 b5 8. Bg5 Bb7 9. Bxf6 Bxf6 10. Ng5 Bxg5 11. Bxb7 Nd7 12. Bxa8 Qxa8 13. a4 c6 14. axb5 cxb5 15. Nc3 Qb7 16. Ra5 a6 17. Rfa1 Nb8 18. Qe4 Qxe4 19. Nxe4 Bd8 20. Rxa6 Nxa6 21. Rxa6 Be7 22. Rb6 Rd8 23. e3 b4 24. Rc6 f5 25. Nd2 e5 26. Rxc4 exd4 27. exd4 Kf7 28. Nb3 Ra8 29. Nc5 Rc8 30. Rxb4 Bxc5 31. Rc4 Rb8 32. dxc5 Rxb2 33. c6 Rb8 34. c7 Rc8 35. Kg2 Ke6 36. Kf3 Kd5 37. Rc1 g5 38. h4 h6 39. h5 Kd6 40. g4 Rxc7 41. Rxc7 Kxc7 42. gxf5 Kd7 43. Ke4 Ke7 44. Ke5 Kf7 45. f6 Ke8 46. Kf5 Kf7 47. f3 Kf8 48. Kg6 1-0


[Site "https://www.chess.com"]

[Event "Titled Tuesday Blitz June 14 Early 2022"]
[White "Garv Gaur"]
[Black "Bachmann, Axel"]
[WhiteFideId "45030839"]
[BlackFideId "3700488"]
[WhiteElo "1950"]
[BlackElo "2587"]
[Result "1-0"]
[Round "09"]
[TimeControl "180+1"]
[Date "2022.06.14"]
[WhiteClock "0:01:55"]
[BlackClock "0:00:06"]

1. d4 d5 2. Nf3 c6 3. c4 e6 4. g3 Nf6 5. Bg2 dxc4 6. Ne5 Bb4+ 7. Bd2 Qxd4 8. Bxb4 Qxe5 9. Na3 b5 10. Bd6 Qxb2 11. O-O Nd5 12. e4 Nc3 13. Qh5 Qd2 14. Rfd1 Nxd1 15. Rxd1 g6 16. Qf3 Qb2 17. Rb1 Qd4 18. Rd1 Qb2 19. Rb1 Qg7 20. e5 a6 21. Nxc4 bxc4 22. Bxb8 Rxb8 23. Qxc6+ 1-0


[Site "https://www.chess.com"]

[Event "Titled Tuesday Blitz June 14 Early 2022"]
[White "Gracia Alvarez, Gerardo Antonio"]
[Black "Kobalia, Mikhail"]
[WhiteFideId "5109124"]
[BlackFideId "4119150"]
[WhiteElo "2139"]
[BlackElo "2667"]
[Result "0-1"]
[Round "09"]
[TimeControl "180+1"]
[Date "2022.06.14"]
[WhiteClock "0:00:21"]
[BlackClock "0:01:15"]

1. e4 c5 2. Nc3 Nc6 3. Bb5 Nd4 4. Nf3 Nxb5 5. Nxb5 d6 6. d4 cxd4 7. Qxd4 Bd7 8. Nc3 e5 9. Qd3 h6 10. Nd2 Nf6 11. Nc4 Bc6 12. Ne3 Be7 13. O-O O-O 14. Ned5 Rc8 15. Be3 Bxd5 16. Nxd5 Nxd5 17. Qxd5 Rxc2 18. Qxb7 Rc7 19. Qd5 Bg5 20. Bxg5 Qxg5 21. Qxd6 Rc2 22. b4 Rd8 23. Qa6 Rdd2 24. Qxa7 Qf4 25. b5 Qxe4 26. a4 Rb2 27. b6 Qd4 28. Qa8+ Kh7 29. Qf3 Rxb6 30. Qxf7 Rf6 31. Qb7 Rdxf2 32. Kh1 Rxf1+ 0-1


[Site "https://www.chess.com"]